 Dungeon Crawl Stone Soup version 0.30-a0-996-ga6910c8ee8 (webtiles) character file.

Game seed: 8546375684778604470

4552 jasper the Spear-Bearer (level 10, -8/60 HPs)
             Began as a Tengu Summoner on Apr 3, 2023.
             Was a Priest of Ashenzari.
             Mangled by a cyclops (23 damage)
             ... on level 10 of the Dungeon on Apr 4, 2023.
             The game lasted 00:14:50 (7904 turns).

jasper the Spear-Bearer (Tengu Summoner)            Turns: 7904, Time: 00:14:51

Health: -8/60      AC:  8    Str:  8    XL:     10   Next: 40%
Magic:  12/15      EV: 15    Int: 26    God:    Ashenzari [***...]
Gold:   453        SH:  5    Dex: 15    Spells: 3/15 levels left

rFire   + + .      SeeInvis +    H - +0 trident of Ashenzari's Anarchy {Comp, Alch} (curse)
rCold   + . .      Faith    .    B - +0 buckler "the Ego of Ashenzari" {rC+ rF+, Melee, Self} (curse)
rNeg    . . .      Spirit   .    f - +0 ring mail "Restrained Together" {Alch, Comp} (curse)
rPois   .          Reflect  .    (helmet restricted)
rElec   .          Rampage  .    p - +0 cloak of Ashenzari's Annoyance {Cun, Fort} (curse)
rCorr   .          Clarity  +    (no gloves)
Will    .....                    (boots unavailable)
Stlth   ++                       (no amulet)
HPRegen 0.30/turn                j - ring of protection from fire
MPRegen 0.14/turn                d - ring "At What Cost Knowledge?" {Int+6, Fort, Melee} (curse)

@: flying quickly and evasively, quick
A: beak, talons 3, nimble flight
a: Renounce Religion, Curse Item, Shatter the Chains


You were on level 10 of the Dungeon.
You worshipped Ashenzari.
Ashenzari was most pleased with you.
You visited 2 branches of the dungeon, and saw 11 of its levels.

You collected 453 gold pieces.

Inventory:

Hand Weapons
 g - a +0 short sword
 h - a +0 spear of protection
 x - a +2 heavy scythe
 H - the cursed +0 trident of Ashenzari's Anarchy (weapon) {Comp, Alch}
   (You found it on level 6 of the Dungeon)

   It has a curse which improves the following skills: Companions: Summonings
   and Necromancy.
   Alchemy:   Poison Magic and Transmutations.
Missiles
 e - 24 boomerangs
Armour
 a - a +0 robe
 f - the cursed +0 ring mail "Restrained Together" (worn) {Alch, Comp}
   (You found it on level 1 of the Dungeon)

   It has a curse which improves the following skills: Alchemy: Poison Magic and
   Transmutations.
   Companions: Summonings and Necromancy.
 p - the cursed +0 cloak of Ashenzari's Annoyance (worn) {Cun, Fort}
   (You found it on level 4 of the Dungeon)

   It has a curse which improves the following skills: Cunning: Dodging and
   Stealth.
   Fortitude: Armour and Shields.
 t - an orb of wrath
 y - a +0 robe of positive energy
 B - the cursed +0 buckler "the Ego of Ashenzari" (worn) {rC+ rF+, Melee, Self}
   (You acquired it on level 5 of the Dungeon)

   It has a curse which improves the following skills: Melee Combat: Short
   Blades, Long Blades, Axes, Maces & Flails, Polearms, Staves and Unarmed
   Combat.
   Introspection: Fighting and Spellcasting.
 L - a +0 cloak
 N - +0 acid dragon scales
Jewellery
 d - the cursed ring "At What Cost Knowledge?" (right hand) {Int+6, Fort, Melee}
   (You acquired it on level 1 of the Dungeon)

   [ring of intelligence]

   Int:       It affects your intelligence (+6).
   It has a curse which improves the following skills: Fortitude: Armour and
   Shields.
   Melee Combat: Short Blades, Long Blades, Axes, Maces & Flails, Polearms,
   Staves and Unarmed Combat.
 j - a ring of protection from fire (left hand)
 u - a ring of protection from cold
 z - a ring of protection from fire
Wands
 l - a wand of digging (7)
 o - a wand of flame (38)
 G - a wand of charming (11)
 P - a wand of polymorph (12)
Scrolls
 i - a scroll of vulnerability
 A - 5 scrolls of identify
 D - 2 scrolls of enchant armour
 E - 2 scrolls of enchant weapon
 F - a scroll of noise
 I - a scroll of amnesia
 J - 2 scrolls of immolation
 K - a scroll of blinking
 Q - a scroll of magic mapping
 S - a scroll of fear
 T - a scroll of teleportation
Potions
 b - 2 potions of magic
 c - 3 potions of brilliance
 k - 3 potions of heal wounds
 m - a potion of flight
 n - 3 potions of degeneration
 q - 2 potions of might
 r - 3 potions of attraction
 s - 2 potions of lignification
 v - a potion of haste
 w - a potion of ambrosia
 C - 2 potions of berserk rage
 M - a potion of mutation
 O - a potion of curing
 R - a potion of resistance


   Skills:
 + Level 4.8(6.2) Fighting
 - Level 9.8(12.0) Polearms
 + Level 5.2(7.4) Armour
 + Level 5.8(7.3) Dodging
 - Level 2.0(3.1) Stealth
 - Level 3.3(5.3) Shields
 - Level 2.0(3.1) Spellcasting
 + Level 1.1 Hexes
 * Level 9.5(11.7) Summonings
 + Level 0.0 Translocations
 - Level 2.0 Air Magic


You had 3 spell levels left.
You knew the following spells:

 Your Spells              Type           Power      Damage    Failure   Level
a - Summon Small Mammal   Summ           100%       N/A       1%          1
b - Call Canine Familiar  Summ           60%        N/A       1%          3
c - Summon Guardian Gole  Hex/Summ       37%        N/A       6%          3
d - Summon Lightning Spi  Summ/Air       39%        N/A       19%         4
e - Apportation           Tloc           8%         N/A       30%         1

Your spell library contained the following spells:

 Spells                   Type           Power      Damage    Failure   Level
 Call Imp                 Summ           60%        N/A       1%          2
 Necrotise                Necr           20%        1d5       28%         1
 Kindle Blastsparks       Fire/Tloc/Air  14%        2d11      56%         3
 Ignite Poison            Fire/Tmut/Pois 5%         N/A       65%         3
 Stone Arrow              Conj/Erth      8%         3d7       67%         3
 Animate Armour           Summ/Erth      68%        N/A       26%         4
 Passage of Golubria      Tloc           4%         N/A       97%         4
 Silence                  Hex/Air        6%         N/A       99%         5
 Freezing Cloud           Conj/Ice/Air   3%         6-21      100%        5
 Simulacrum               Ice/Necr       2%         N/A       100%        6
 Lehudib's Crystal Spear  Conj/Erth      2%         10d2      100%        8
 Polar Vortex             Ice            2%         N/A       100%        9


Dungeon Overview and Level Annotations

Branches:
Dungeon (10/15)            Temple (1/1) D:4
   Lair: D:8-11         Orc: D:9-12

Altars:
Ashenzari
Dithmenos
Fedhas
Gozag
Nemelex Xobeh
Okawaru
Qazlal
Ru
Sif Muna
Trog
Vehumet
Wu Jian
Xom
Yredelemnul
Zin

Annotations:
D:4 exclusion: statue


Innate Abilities, Weirdness & Mutations

You have a beak for a mouth.
You have claws for feet.
Your magical nature lets you fly swiftly and evasively.


Message History

Found 10 gold pieces.
There is a stone staircase leading up here.
You now have 453 gold pieces (gained 10).
You reach down and open the door.
There is an open door here.
A cyclops comes into view.
The cyclops shouts!
The cyclops throws a large rock.
The large rock hits you!!
You take 19 damage, and have 41/60 hp.
MASSIVE DAMAGE!!
A cyclops is nearby!
Casting: Call Canine Familiar (safe; 1% risk of failure)
Press: ? - help, Q - select action, (/) - cycle Dir - look around, f - activate The cyclops misses you.
You now have 12/15 mp.
You hit the cyclops but do no damage. Your kick misses the cyclops.
Your peck misses the cyclops.
Your wolf bites the cyclops but does no damage.
The cyclops misses you.
You hit the cyclops. You claw the cyclops.
The cyclops is lightly wounded.
Your wolf bites the cyclops!
You barely miss the cyclops.
The cyclops is moderately wounded.
Your wolf bites the cyclops but does no damage.
The cyclops hits you!!
* * * LOW HITPOINT WARNING * * *
Your wolf bites the cyclops.
You take 27 damage, and have 15/60 hp.
MASSIVE DAMAGE!!
You hit the cyclops but do no damage. You claw the cyclops.
You peck the cyclops, but do no damage.
The cyclops is heavily wounded.
Your wolf bites the cyclops.
You hit the cyclops but do no damage. You peck the cyclops, but do no damage.
The cyclops is heavily wounded.
Your wolf bites the cyclops!
The cyclops completely misses your wolf.
You hit the cyclops.
The cyclops is severely wounded.
Your wolf bites the cyclops!
The cyclops hits you!!
You die...

,, #...# ,, { #...#
, {
,#...##############
,,
#.................
, ,
{#.#######.........
, , , #.#
#......... , , #.#
#..####'## ,, #.#
#..#...... ,, ,,
#@# #..#...... , **
** #C# #..#......
,, .h# #.##...... ,
,, ,,...#
#.#......# ,,....#
#.########
,.....#**** *, ,
....... , , , , ,
,........ ,,,, , *
,


You could see a cyclops (ally target) and a friendly wolf (summoned).

Vanquished Creatures
  2 acid dragons
  2 water moccasins (D:6)
  An ice beast (D:6)
  A centaur (D:9)
  A lemure (D:7)
  5 bullfrogs
  2 scorpions
  2 jellies
  A killer bee (D:6)
  Crazy Yiuf (D:7)
  A hound (D:6)
  Natasha (D:3)
  An orc wizard (D:9)
  5 adders
  2 white imps (D:7)
  2 ufetubi (D:5)
  A worm (D:2)
  3 dart slugs
  2 orcs
  3 ball pythons
  5 bats
  8 endoplasms
  A giant cockroach (D:4)
  7 goblins
  2 hobgoblins
  A jackal (D:3)
  5 kobolds
  4 quokkas
  A frilled lizard (D:1)
  2 rats (D:1)
75 creatures vanquished.

Vanquished Creatures (collateral kills)
  Prince Ribbit (D:5)
  Sigmund (D:5)
  A wraith (D:9)
  A steam dragon (D:6)
  An acid dragon (D:8)
  A sky beast (D:6)
  A black bear (D:5)
  3 centaurs
  A lemure (D:7)
  A kobold brigand (D:7)
  A bullfrog (D:8)
  19 killer bees
  3 orc priests
  A hound (D:5)
  An iguana (D:6)
  A sleepcap (D:6)
  Natasha (twice) (D:3)
  An orc wizard (D:9)
  2 adders
  A white imp (D:8)
  A giant cockroach (D:3)
  2 hobgoblins
  2 jackals (D:3)
  A quokka (D:3)
  A ball python (D:3)
  2 bats (D:1)
  A rat (D:3)
54 creatures vanquished.

Vanquished Creatures (others)
  Pikel (D:7)
  Joseph (D:7)
2 creatures vanquished.

Grand Total: 131 creatures vanquished

Notes
Turn   | Place    | Note
-------+----------+-------------------------------------------
     0 | D:1      | jasper the Tengu Summoner began the quest for the Orb.
     0 | D:1      | Reached XP level 1. HP: 10/10 MP: 4/4
    46 | D:1      | Reached skill level 5 in Summonings
   362 | D:1      | Reached XP level 2. HP: 15/15 MP: 6/6
   941 | D:1      | Identified a scroll of acquirement
   941 | D:1      | Acquired a +6 ring of intelligence
  1000 | D:2      | Reached XP level 3. HP: 19/19 MP: 7/7
  1001 | D:2      | Reached skill level 1 in Polearms
  1083 | D:1      | Learned a level 3 spell: Call Canine Familiar
  1216 | D:3      | Noticed Natasha
  1228 | D:3      | Killed Natasha
  1229 | D:3      | Reached XP level 4. HP: 17/24 MP: 4/8
  1263 | D:3      | Noticed Natasha
  1274 | D:3      | Killed Natasha
  1349 | D:3      | Noticed Natasha
  1355 | D:3      | Killed Natasha
  1356 | D:3      | Gained mutation: Your magical nature lets you fly swiftly
                  | and evasively. [Tengu growth]
  1356 | D:3      | Reached XP level 5. HP: 24/28 MP: 9/9
  1928 | D:4      | Found a blossoming altar of Fedhas.
  1988 | D:4      | Found a staircase to the Ecumenical Temple.
  2007 | Temple   | Entered the Ecumenical Temple
  2011 | Temple   | Became a worshipper of Ashenzari the Shackled
  2060 | D:4      | Found a radiant altar of Vehumet.
  2060 | D:4      | Noticed a frost-covered statue
  2076 | D:4      | You are sucked into a shaft and drop 1 floor!
  2076 | D:5      | Entered Level 5 of the Dungeon
  2094 | D:5      | Noticed Sigmund
  2106 | D:5      | HP: 1/28 [Sigmund/+2 heavy scythe (23)]
  2118 | D:5      | Killed Sigmund
  2119 | D:5      | Reached skill level 5 in Polearms
  2119 | D:5      | Reached XP level 6. HP: 4/32 MP: 4/10
  2322 | D:5      | Noticed a black bear
  2330 | D:5      | Killed a black bear
  2331 | D:5      | Reached XP level 7. HP: 29/36 MP: 8/11
  2333 | D:5      | Acquired a +0 buckler of resistance
  2437 | D:5      | Noticed Prince Ribbit
  2446 | D:5      | Killed Prince Ribbit
  3277 | D:6      | Reached XP level 8. HP: 28/41 MP: 10/12
  3385 | D:6      | Found a bloodstained altar of Trog.
  3389 | D:6      | Reached * piety under Ashenzari
  3394 | D:6      | Learned a level 3 spell: Summon Guardian Golem
  3399 | D:6      | Learned a level 4 spell: Summon Lightning Spire
  3578 | D:6      | Reached skill level 1 in Armour
  3669 | D:6      | Reached skill level 1 in Fighting
  3669 | D:6      | Reached skill level 1 in Shields
  4430 | D:6      | Reached ** piety under Ashenzari
  4454 | D:6      | Reached XP level 9. HP: 22/51 MP: 10/14
  4716 | D:7      | Noticed Pikel
  5236 | D:7      | Killed Pikel
  5316 | D:7      | Found an iron altar of Okawaru.
  5388 | D:7      | Noticed Joseph
  5402 | D:7      | Killed Joseph
  5572 | D:7      | Found a sparkling altar of Nemelex Xobeh.
  5785 | D:7      | Found a runed translucent door.
  5786 | D:7      | Noticed Crazy Yiuf
  5957 | D:7      | Killed Crazy Yiuf
  6050 | D:8      | Upgraded the game from 0.30-a0-989-g0d87f670db to
                  | 0.30-a0-996-ga6910c8ee8
  6084 | D:8      | Reached skill level 5 in Dodging
  6379 | D:8      | Reached XP level 10. HP: 59/59 MP: 10/15
  6477 | D:8      | Identified the +7 dagger "Jeim" {flame, rPois rC- Dex+2}
  6505 | D:8      | Reached *** piety under Ashenzari
  6584 | D:8      | Reached skill level 5 in Armour
  6584 | D:8      | Reached skill level 1 in Air Magic
  7238 | D:9      | Reached skill level 1 in Hexes
  7310 | D:9      | Found a stormy altar of Qazlal.
  7480 | D:9      | Learned a level 1 spell: Apportation
  7868 | D:10     | Entered Level 10 of the Dungeon
  7893 | D:10     | Noticed a cyclops
  7904 | D:10     | Mangled by a cyclops

Illustrated notes

Levels and vault maps discovered:
D:1:      minmay_arrival_four_loops, layout_basic
D:2:      layout_rooms
D:3:      layout_rooms, uniq_natasha
D:4:      layout_cave_pools, vehumet_statue, fedhas_altar_2,
          minmay_temple_entry_stoned_glass
D:5:      layout_basic, uniq_sigmund, uniq_prince_ribbit1
D:6:      layout_gridville, mainiacjoe_overflow_catwalk
D:7:      layout_basic, okawaru_ov_weapons_minmay, kennysheep_mini,
          hangedman_decor_push, uniq_crazy_yiuf_cottage, uniq_joseph, uniq_pikel
D:8:      layout_gridville, minmay_diced_spiral
D:9:      layout_small_grid, nicolae_overflow_hidden_temple, serial_bayou_pond_d
D:10:     layout_irregular_city, mainiacjoe_overflow_catwalk_spiral, minitemple,
          orc_0_dummy, uniq_psyche, uniq_fannar
Temple:   nicolae_temple_x_marks_the_god

Skill      XL: |  1  2  3  4  5  6  7  8  9 10 |
---------------+-------------------------------+-----
Summonings     | 5 6 7 8 9 |  9.5
Polearms       | 2 5 6 8 9 |  9.8
Armour         | 2 4 5 |  5.2
Fighting       | 2 4 |  4.8
Shields        | 2 3 |  3.3
Dodging        | 3 5 |  5.8
Air Magic      | 2 |  2.0
Hexes          | 1 |  1.1
Stealth        | |  2.0
Spellcasting   | |  2.0

Action                     |  1- 3 |  4- 6 |  7- 9 | 10-12 || total
---------------------------+-------+-------+-------+-------++-------
  Melee: Unarmed           |    27 |       |       |       ||    27
         Kick              |    21 |    17 |    33 |     9 ||    80
         Peck              |    12 |    15 |    22 |     6 ||    55
         Spear             |    82 |    57 |    21 |       ||   160
         Short sword       |     3 |       |       |       ||     3
         Halberd           |       |    11 |    63 |       ||    74
         Trident           |       |       |    64 |    47 ||   111
   Cast: Summon Small Mamm |     6 |       |       |       ||     6
         Call Canine Famil |     1 |     2 |    23 |     6 ||    32
         Summon Guardian G |       |       |     4 |       ||     4
         Summon Lightning  |       |       |     1 |     2 ||     3
 Invoke: Curse Item        |       |       |     3 |     2 ||     5
  Evoke: Wand              |       |       |     2 |       ||     2
    Use: Scroll            |     3 |     1 |     1 |       ||     5
         Potion            |       |       |     5 |       ||     5
   Stab: Sleeping          |       |       |     1 |       ||     1
         Distracted        |       |       |     1 |     1 ||     2
         Betrayed ally     |       |       |     1 |       ||     1
 Armour: Robe              |     3 |       |       |       ||     3
         Ring mail         |    48 |    24 |    67 |     6 ||   145
  Dodge: Dodged            |    66 |    48 |   140 |    14 ||   268
  Block: Buckler           |       |       |    14 |     7 ||    21

Table legend: (Time is in decaauts)
 A = Elapsed time spent in this place.
 B = Non-inter-level travel time spent in this place.
 C = Inter-level travel time spent in this place.
 D = Time resting spent in this place.
 E = Time spent auto-exploring this place.
 F = Levels seen in this place.
 G = Mean time per level.
                   A        B        C        D        E       F      G
               +--------+--------+--------+--------+--------+-----+--------+
         Total |   7488 |   7234 |    254 |    481 |   5429 |  11 |  680.7 |
       Dungeon |   7480 |   7229 |    251 |    481 |   5429 |  10 |  748.0 |
        Temple |      8 |      6 |      2 |      0 |      0 |   1 |    8.0 |
               +--------+--------+--------+--------+--------+-----+--------+

Top non-repeatable levels by time:
     D:6: 1450 daAuts
     D:7: 1180 daAuts
     D:5: 1124 daAuts
     D:1: 1000 daAuts
     D:8: 985 daAuts
     D:9: 690 daAuts
     D:3: 547 daAuts
     D:4: 374 daAuts
     D:2: 95 daAuts
    D:10: 31 daAuts
  Temple: 8 daAuts
